 Dungeon Sprint DCSS version 0.22.1-5-g62c59d919a (webtiles) character file.

342 Knorr the Blocker (level 6, -1/61 HPs)
             Began as a Minotaur Fighter on Jan 7, 2019.
             Was an Elder of the Shining One.
             Slain by a 12-headed hydra (4 damage)
             ... in the Dungeon (Sprint IX: "|||||||||||||||||||||||||||||").
             The game lasted 00:02:34 (458 turns).

Knorr the Blocker (Minotaur Fighter)                 Turns: 458, Time: 00:02:34

Health: -1/61      AC: 15    Str: 28    XL:     6   Next: 30%
Magic:  5/5        EV:  7    Int:  5    God:    the Shining One [****..]
Gold:   0          SH: 12    Dex: 10    Spells: 5/5 levels left

rFire    . . .     SeeInvis .   a - +0 war axe
rCold    . . .     Gourm    .   c - +0 shield
rNeg     + + .     Faith    .   q - +0 plate armour
rPois    .         Spirit   .   (helmet restricted)
rElec    .         Reflect  .   (no cloak)
rCorr    .         Harm     .   (no gloves)
MR       .....     NoTele   +   r - +0 pair of boots
Stlth    ..........             (no amulet)
HPRegen  0.20/turn              o - +3 ring of strength
MPRegen  0.09/turn              p - +3 ring of strength

@: berserk cooldown, slowed, glowing, very slow
A: retaliatory headbutt, horns 2
a: Divine Shield, Cleansing Flame, Renounce Religion


You were in the Dungeon.
You worshipped the Shining One.
The Shining One was greatly pleased with you.
You were not hungry.

You visited 1 branch

Inventory:

Hand Weapons
 a - a +0 war axe (weapon)
 s - a +1 broad axe of chopping
Armour
 b - a +0 scale mail
 c - a +0 shield (worn)
 q - a +0 plate armour (worn)
 r - a +0 pair of boots (worn)
Jewellery
 o - a +3 ring of strength (left hand)
 p - a +3 ring of strength (right hand)
Wands
 n - a wand of iceblast (10)
Scrolls
 k - 2 scrolls of blinking
 l - 3 scrolls of remove curse
 m - 2 scrolls of amnesia
Potions
 d - a potion of might
 e - 5 potions of curing
 g - 3 potions of heal wounds
 h - a potion of haste
 i - 4 potions of magic
 t - a potion of invisibility
Comestibles
 f - a ration


   Skills:
 + Level 8.2 Fighting
 + Level 8.3 Axes
 + Level 8.6 Armour
 + Level 0.9 Dodging
 + Level 9.6 Shields


You had 5 spell levels left.
You didn't know any spells.
Your spell library was empty.

Dungeon Overview and Level Annotations

Branches:
Dungeon (1/1)

Altars:
Cheibriados
Dithmenos
Elyvilon
Fedhas
Gozag
Hepliaklqana
Kikubaaqudgha
Makhleb
Nemelex Xobeh
Okawaru
Qazlal
Ru
Sif Muna
Trog
Uskayaw
Vehumet
Wu Jian
Xom
Yredelemnul
Zin
The Shining One
Beogh
Jiyva
Lugonu


Innate Abilities, Weirdness & Mutations

You reflexively headbutt those who attack you in melee.
You have a pair of horns on your head.


Message History

The 11-headed hydra bites you but does no damage. x2
The 11-headed hydra barely misses you.
The 11-headed hydra bites you but does no damage.
The 11-headed hydra barely misses you. x2
The 11-headed hydra closely misses you. The 11-headed hydra bites you.
* * * LOW HITPOINT WARNING * * *
The 11-headed hydra bites you. The Shining One protects you from harm!
The 11-headed hydra bites you.
* * * LOW HITPOINT WARNING * * *
You block the 11-headed hydra's attack.
The 11-headed hydra bites you but does no damage. x3
You block the 11-headed hydra's attack.
The 11-headed hydra bites you but does no damage. x2
You chop one of the 11-headed hydra's heads off!
The ten-headed hydra grows two more!
You slash the 12-headed hydra! You headbutt the 12-headed hydra!
The 12-headed hydra is almost dead.
The 12-headed hydra bites you.
You die...

▓(▓
▓'▓
▓)▓
▓.▓
▓.▓
▓.▓
▓.▓
▓.▓
▓@▓
▓D▓
▓T▓
▓Z▓
▓D▓
▓{▓
▓z▓
▓+▓


You could see a 12-headed hydra, a troll, a steam dragon, a wight and an adder
zombie.

Vanquished Creatures
  A wyvern (D)
  A phantom (D)
  A centaur (D)
  An adder (D)
  An adder zombie (D)
  A leopard gecko (D)
  An orc (D)
  A ball python (D)
  A bat skeleton (D)
  A bat zombie (D)
  A bat (D)
  2 kobolds (D)
  2 quokka zombies (D)
  A rat (D)
16 creatures vanquished.

Notes
Turn   | Place    | Note
-------+----------+-------------------------------------------
     0 | D        | Knorr the Minotaur Fighter began the quest for the Orb.
     0 | D        | Reached XP level 1. HP: 19/19 MP: 0/0
     9 | D        | Reached skill level 4 in Shields
    26 | D        | Reached XP level 2. HP: 28/28 MP: 1/1
    38 | D        | Reached skill level 5 in Fighting
    45 | D        | Found a roughly hewn altar of Beogh.
    45 | D        | Found a snail-covered altar of Cheibriados.
    45 | D        | Found a shadowy altar of Dithmenos.
    45 | D        | Found a white marble altar of Elyvilon.
    45 | D        | Found a blossoming altar of Fedhas.
    45 | D        | Found an opulent altar of Gozag.
    46 | D        | Found a hazy altar of Hepliaklqana.
    47 | D        | Found a viscous altar of Jiyva.
    48 | D        | Found an ancient bone altar of Kikubaaqudgha.
    49 | D        | Found a corrupted altar of Lugonu.
    50 | D        | Found a burning altar of Makhleb.
    51 | D        | Found a sparkling altar of Nemelex Xobeh.
    52 | D        | Found an iron altar of Okawaru.
    53 | D        | Found a stormy altar of Qazlal.
    54 | D        | Found a sacrificial altar of Ru.
    55 | D        | Found a deep blue altar of Sif Muna.
    56 | D        | Found a bloodstained altar of Trog.
    57 | D        | Found a hide-covered altar of Uskayaw.
    58 | D        | Found a radiant altar of Vehumet.
    59 | D        | Found an ornate altar of the Wu Jian Council.
    60 | D        | Found a shimmering altar of Xom.
    61 | D        | Found a basalt altar of Yredelemnul.
    62 | D        | Found a glowing silver altar of Zin.
    63 | D        | Found a glowing golden altar of the Shining One.
    71 | D        | Became a worshipper of the Shining One
   126 | D        | Noticed a wyvern
   126 | D        | Noticed a centaur
   126 | D        | Reached * piety under the Shining One
   126 | D        | Noticed a phantom
   126 | D        | Reached ** piety under the Shining One
   135 | D        | Killed a wyvern
   135 | D        | Reached skill level 7 in Shields
   135 | D        | Reached XP level 3. HP: 19/39 MP: 2/2
   135 | D        | Reached XP level 4. HP: 23/47 MP: 3/3
   135 | D        | Reached XP level 5. HP: 25/52 MP: 4/4
   139 | D        | Killed a centaur
   139 | D        | Reached skill level 8 in Shields
   142 | D        | Reached skill level 9 in Shields
   147 | D        | Killed a phantom
   147 | D        | Reached XP level 6. HP: 22/61 MP: 5/5
   449 | D        | Noticed a troll
   449 | D        | Reached *** piety under the Shining One
   449 | D        | Noticed a five-headed hydra
   449 | D        | Noticed a steam dragon
   449 | D        | Noticed a shadow
   449 | D        | Reached **** piety under the Shining One
   457 | D        | The Shining One protects you from harm!
   457 | D        | HP: 2/61 [11-headed hydra (2)]
   458 | D        | Slain by a 12-headed hydra

Skill      XL: |  1  2  3  4  5 |
---------------+----------------+-----
Fighting       | 4 7 8 |  8.2
Armour         | 4 7 8 |  8.6
Shields        | 4 7 9 |  9.6
Axes           | 6 8 |  8.3
Dodging        | |  0.9

Action                   |  1- 3 |  4- 6 || total
-------------------------+-------+-------++-------
Melee: War axe           |    37 |    18 ||    55
       Headbutt          |     4 |     4 ||     8
  Use: Potion            |       |     1 ||     1
Armor: Scale mail        |    11 |       ||    11
       Plate armour      |     8 |    32 ||    40
Dodge: Dodged            |    11 |    10 ||    21
Block: Shield            |    21 |    21 ||    42
